AoeStats
← JR_Clutch

Arabia

508336870Analyzed
1v1 RM · 11d ago on Sep 22, 2026· 24m 46s· 2 players
Game mode
Random Map
Map size
Tiny (2 player)
Population
200
Speed
Normal
Resources
Standard
Victory
Conquest
Starting age
Dark Age
Ending age
Imperial Age
RankedLock teamsTeams togetherTeam positionsShared explorationLock speedFull tech treeHidden civsTurbo modeCheats
Victory
Defeat
🇪🇨 Mongols · Ecuador
717
+17
🇨🇱 Ethiopians · Chile
734
-17
Wilypf
6:32 Loom
10:21 Feudal Age
14:21 Double-Bit Axe
15:15 Gold Mining
17:44 Castle Age
16:30 Scale Barding Armor
19:28 Town Watch
25:06 Thumb Ring
JR_Clutch
10:07 Feudal Age
10:22 Loom
10:42 Double-Bit Axe
14:50 Horse Collar
17:04 Wheelbarrow
18:52 Fletching
19:18 Forging
26:39 Castle Age
Connection lost

Rejoining the realm…

Still unreachable

The connection could not be restored.

Session expired

The server has moved on; the page needs a fresh start.